 Dungeon Crawl Stone Soup version 0.28-a0-1485-g077359a4bf (webtiles) character file.

Game seed: 17211522535098150514

1422 kae the Changer (level 8, 0/56 (61) HPs)
             Began as a Black Draconian Transmuter on Jan 11, 2022.
             Slain by a wight (5 damage)
             ... on level 5 of the Dungeon.
             The game lasted 00:03:51 (8455 turns).

kae the Changer (Black Draconian Transmuter)        Turns: 8455, Time: 00:03:52

HP:   0/56 (61)     AC:  7    Str: 13    XL:     8   Next: 44%
MP:   14/14         EV: 12    Int: 15    God:
Gold: 207           SH:  0    Dex: 12    Spells: 8/16 levels left

rFire   . . .      SeeInvis .     - Unarmed
rCold   . . .      Faith    .   (no shield)
rNeg    . . .      Spirit   .   (armour unavailable)
rPois   .          Reflect  .   (helmet restricted)
rElec   +          Harm     .   g - +0 cloak
rCorr   .          Rampage  .   (no gloves)
Will    .....                   (no boots)
Stlth   +.........              (no amulet)
HPRegen 0.18/turn               (no ring)
MPRegen 0.14/turn               (no ring)

@: about to teleport, drained
A: breathe lightning, AC +6, unfitting armour, electricity resistance,
cold-blooded
a: Breathe Lightning


You were on level 5 of the Dungeon.
You visited 1 branch of the dungeon, and saw 6 of its levels.

You collected 207 gold pieces.

Inventory:

Armour
 g - a +0 cloak (worn)
Wands
 h - a wand of iceblast (3)
 k - a wand of mindburst (19)
Scrolls
 a - 4 scrolls of enchant armour
 i - 2 scrolls of teleportation
 m - a scroll of amnesia
Potions
 b - a potion of flight {unknown}
 c - a potion of ambrosia
 d - a potion of berserk rage {unknown}
 e - a potion of brilliance {unknown}
 f - a potion of haste
 j - 4 potions of heal wounds {unknown}
 n - a potion of resistance {unknown}


   Skills:
 + Level 2.0 Fighting
 + Level 2.2 Dodging
 * Level 3.9 Unarmed Combat
 + Level 4.6 Spellcasting
 * Level 7.1 Transmutations
 - Level 5.0 Ice Magic
 - Level 1.0 Poison Magic


You had 8 spell levels left.
You knew the following spells:

 Your Spells              Type           Power      Damage    Failure   Level
a - Beastly Appendage     Tmut           48%        N/A       1%          1
b - Spider Form           Tmut/Pois      15%        N/A       10%         3
c - Ice Form              Ice/Tmut       21%        N/A       14%         4

Your spell library contained the following spells:

 Spells                   Type           Power      Damage    Failure   Level
 Wereblood                Tmut           24%        N/A       1%          2
 Ignite Poison            Fire/Tmut/Pois 11%        N/A       17%         3
 Blink                    Tloc           6%         N/A       26%         2
 Mephitic Cloud           Conj/Pois/Air  4%         N/A       41%         3
 Gell's Gravitas          Tloc           3%         N/A       45%         3
 Lesser Beckoning         Tloc           3%         N/A       45%         3
 Teleport Other           Tloc           3%         N/A       45%         3
 Tukima's Dance           Hex            3%         N/A       45%         3
 Anguish                  Hex/Necr       1%         N/A       86%         4
 Freezing Cloud           Conj/Ice/Air   4%         6-21      94%         5
 Manifold Assault         Tloc           3%         N/A       99%         5
 Enfeeble                 Hex            1%         N/A       100%        7


Dungeon Overview and Level Annotations

Branches:
Dungeon (6/15)
 Temple: D:4-7

Altars:
Fedhas
Vehumet

Shops:
D:2 [


Innate Abilities, Weirdness & Mutations

You can breathe wild blasts of lightning.
Your glossy black scales are hard. (AC +6)
You cannot fit into any form of body armour.
You are resistant to electric shocks. (rElec)
You are cold-blooded and may be slowed by cold attacks.


Message History

No target in view!
No target in view!
No target in view!
No target in view!
No target in view!
Magic restored.
Your transformation is almost over.
You warm up again.
Your +0 cloak unmelds from your body.
HP restored.
You now have 207 gold pieces (gained 10).
Things that are here:
a +2 morningstar; a +0 robe
There is a stone staircase leading up here.
Things that are here:
a +0 flail; a +0 robe Done exploring.
Done exploring.
(D) Dungeon
Where to? (Enter - D:6, ? - help)
You see here an adder skeleton.
There is a stone staircase leading down here.
You climb downwards.
The hound closely misses you. The wight hits you with a +0 battleaxe.
The wight hits you with a +2 mace. The hound bites you but does no damage.
The wight hits you with a +0 war axe! The wight barely misses you.
There is a stone staircase leading up here.
The hound completely misses you. The wight hits you with a +2 mace!
The wight closely misses you. The hound barely misses you.
The wight completely misses you.
You climb upwards.
There is a stone staircase leading down here.
As you read the scroll of teleportation, it crumbles to dust.
You feel strangely unstable. The hound barely misses you.
The wight hits you with a +0 war axe! The wight hits you with a +0 battleaxe!
* * * LOW HITPOINT WARNING * * *
You feel drained.
* * * LOW HITPOINT WARNING * * *
The hound closely misses you. The wight hits you with a +0 war axe.
You die...

##......#.........####.......####
##.^....#.........# #.#...#.#
#######.........### #.#...#.#
########...........# #.#...#.#
.....#...........#.# #.#...#.#
####.#..........##.###.......#
#..........####.........###
##.###...##.####..#####.## #.##
#.......h@zz.......#
##.###.######z###.##....###
##.#.## ####.###.#.......#####
##.## #..................... ###
#.##.##.##..........#.
#.##.##.####...##.#...
#.##......##...##.##..
#.#####.#.####.##.####
#...†...#.##......####


You could see a hound and 3 wights.

Vanquished Creatures
  Sigmund (D:2)
  A water moccasin (D:5)
  2 ogres
  4 scorpions
  2 water moccasin zombies (D:5)
  2 wights (D:5)
  A bullfrog zombie (D:5)
  A centaur zombie (D:5)
  Crazy Yiuf (D:2)
  A bullfrog skeleton (D:5)
  2 jellies
  Jessica (D:3)
  4 iguanas
  Terence (D:2)
  A scorpion zombie (D:5)
  A hound zombie (D:5)
  A howler monkey skeleton (D:5)
  8 adders
  3 gnolls
  A white imp (D:5)
  An adder zombie (D:5)
  An adder skeleton (D:4)
  2 dart slugs
  8 orcs
  3 ball pythons (D:1)
  4 endoplasms
  A giant cockroach (D:4)
  3 hobgoblins
  5 jackals
  4 quokkas
  A bat (D:2)
  2 frilled lizards
  6 goblins
  3 kobolds (D:1)
  4 rats
87 creatures vanquished.

Vanquished Creatures (others)
  4 fungi (D:2)
4 creatures vanquished.

Grand Total: 91 creatures vanquished

Notes
Turn   | Place    | Note
-------+----------+-------------------------------------------
     0 | D:1      | kae the Draconian Transmuter began the quest for the Orb.
     0 | D:1      | Reached XP level 1. HP: 16/16 MP: 3/3
   223 | D:1      | Reached XP level 2. HP: 23/23 MP: 3/5
   943 | D:2      | Reached skill level 3 in Transmutations
   958 | D:2      | Reached XP level 3. HP: 18/28 MP: 6/6
   962 | D:2      | Learned a level 3 spell: Spider Form
  1070 | D:2      | Found a faded altar of an unknown god.
  1659 | D:2      | Noticed Terence
  1667 | D:2      | Killed Terence
  1668 | D:2      | Reached XP level 4. HP: 30/35 MP: 4/8
  1755 | D:2      | Learned a level 4 spell: Ice Form
  1768 | D:2      | Noticed Sigmund
  1788 | D:2      | Killed Sigmund
  1789 | D:2      | Reached skill level 4 in Transmutations
  1789 | D:2      | Reached skill level 1 in Ice Magic
  1789 | D:2      | Reached skill level 1 in Poison Magic
  1789 | D:2      | Reached XP level 5. HP: 6/40 MP: 4/9
  2212 | D:2      | Found Woipt's Armour Shop.
  2413 | D:2      | Found a runed translucent door.
  2414 | D:2      | Noticed Crazy Yiuf
  2672 | D:2      | Killed Crazy Yiuf
  2673 | D:2      | Reached XP level 6. HP: 11/47 MP: 5/10
  3265 | D:3      | Reached skill level 5 in Transmutations
  4193 | D:3      | Noticed Jessica
  4204 | D:3      | Killed Jessica
  5532 | D:4      | Your scales start taking on a glossy black colour.
  5532 | D:4      | Reached XP level 7. HP: 52/52 MP: 8/12
  5532 | D:4      | Gained mutation: You are resistant to electric shocks.
                  | (rElec) [Black Draconian growth]
  5608 | D:4      | Found a radiant altar of Vehumet.
  5608 | D:4      | Found a blossoming altar of Fedhas.
  5767 | D:5      | Entered Level 5 of the Dungeon
  5962 | D:5      | Reached skill level 6 in Transmutations
  6833 | D:5      | Reached XP level 8. HP: 52/59 MP: 10/14
  7496 | D:6      | Reached skill level 5 in Ice Magic
  8069 | D:5      | Reached skill level 7 in Transmutations
  8455 | D:5      | Slain by a wight

Illustrated notes

Levels and vault maps discovered:
D:1:      dpeg_arrival_more_subterranean_lakeside_camping, layout_rooms,
          minmay_quantized
D:2:      layout_basic, serial_shops, nicolae_shop_statue_plus,
          basic_ecumenical_altar, uniq_terence, uniq_crazy_yiuf_cottage,
          uniq_sigmund
D:3:      layout_loops_corners, nrook_mini_vaults, roderic_roman_lattice,
          hangedman_decor_growths, uniq_jessica
D:4:      layout_loops_ring, mainiacjoe_overflow_divided_tiny,
          amcnicky_mini_rare_corridor_liquid
D:5:      layout_loops_cross
D:6:      layout_loops_cross, nzn_random_ring

Skill      XL: |  1  2  3  4  5  6  7  8 |
---------------+-------------------------+-----
Transmutations | 3 4 5 6 7 |  7.1
Spellcasting   | 3 4 |  4.6
Ice Magic      | 1 2 3 4 5 |  5.0
Poison Magic   | 1 |  1.0
Dodging        | 2 |  2.2
Fighting       | 2 |  2.0
Unarmed Combat | |  3.9

Action                   |  1- 3 |  4- 6 |  7- 9 || total
-------------------------+-------+-------+-------++-------
Melee: Unarmed           |    85 |   127 |   150 ||   362
       Kick              |     6 |       |       ||     6
       Tailslap          |     3 |    11 |     2 ||    16
       Headbutt          |     4 |       |       ||     4
       Punch             |     2 |     2 |       ||     4
 Cast: Beastly Appendage |    21 |     2 |       ||    23
       Spider Form       |     1 |    23 |     9 ||    33
       Ice Form          |       |     1 |    11 ||    12
  Use: Scroll            |     2 |     2 |     6 ||    10
 Stab: Sleeping          |       |     1 |       ||     1
Armor: Skin              |    12 |    20 |    52 ||    84
Dodge: Dodged            |    58 |    99 |   148 ||   305

Table legend: (Time is in decaauts)
 A = Elapsed time spent in this place.
 B = Non-inter-level travel time spent in this place.
 C = Inter-level travel time spent in this place.
 D = Time resting spent in this place.
 E = Time spent auto-exploring this place.
 F = Levels seen in this place.
 G = Mean time per level.
                   A        B        C        D        E       F      G
               +--------+--------+--------+--------+--------+-----+--------+
         Total |   8440 |   8224 |    216 |    890 |   6354 |   6 | 1406.7 |
       Dungeon |   8440 |   8224 |    216 |    890 |   6354 |   6 | 1406.7 |
               +--------+--------+--------+--------+--------+-----+--------+

Top non-repeatable levels by time:
     D:2: 2306 daAuts
     D:4: 1757 daAuts
     D:5: 1567 daAuts
     D:3: 1513 daAuts
     D:1: 750 daAuts
     D:6: 546 daAuts
